 Dungeon Crawl Stone Soup version 0.23-a0-756-g517b432 (webtiles) character file.

211765 galech the Severer (level 18, -4/153 HPs)
             Began as a Demonspawn Fighter on Jan 17, 2019.
             Was the Champion of Okawaru.
             Killed from afar by an ice dragon (45 damage)
             ... with a blast of cold
             ... on level 1 of the Depths on Jan 18, 2019.
             The game lasted 00:52:04 (24986 turns).

galech the Severer (Demonspawn Fighter)            Turns: 24986, Time: 00:52:05

Health: -4/153     AC: 32    Str: 24    XL:     18   Next: 60%
Magic:  0/29       EV: 17    Int: 18    God:    Okawaru [******]
Gold:   4212       SH: 16    Dex: 19    Spells: 17/17 levels left

rFire    + . .     SeeInvis .   O - +8 mithril axe "Arga" {speed, MR+}
rCold    . . .     Gourm    .   P - +0 shield {reflect}
rNeg     + + .     Faith    .   o - +7 chain mail of Vizar {Regen+ Int+6}
rPois    +         Spirit   +   (helmet unavailable)
rElec    +         Reflect  +   l - +0 cloak {rPois}
rCorr    .         Harm     .   B - +2 pair of gloves "Seqadogo" {rF+}
MR       ++...     Rnd*Rage +   c - +0 pair of boots of Meptainn {Int+4 Dex-5 Slay+3}
Stlth    +.........             (no amulet)
HPRegen  0.75/turn              A - ring "Boghegh" {rElec MP+9 Str+5 Dex+3}
MPRegen  0.42/turn              R - ring of the Octopus King {rN+ AC+1 EV+1 Str+1 Int+1 Dex+1}

@: about to teleport, heroism, slowed, very slow
A: horns 3, thin metallic scales 3, berserk 1, dopey 1, negative energy
resistance 1, powered by death 2, magic shield, magic regeneration
a: Heroism, Finesse, Renounce Religion


You were on level 1 of the Depths.
You worshipped Okawaru.
Okawaru was exalted by your worship.
You were hungry.

You visited 6 branches of the dungeon, and saw 29 of its levels.
You also visited: Sewer and Ice Cave.

You collected 4212 gold pieces.

Inventory:

Hand Weapons
 G - a +4 scimitar of flaming
 O - the +8 mithril axe "Arga" (weapon) {speed, MR+}
   (Okawaru gifted it to you in an ice cave)

   Attacks with this weapon are significantly faster.
   It affects your resistance to hostile enchantments.
Armour
 c - the +0 pair of boots of Meptainn (worn) {Int+4 Dex-5 Slay+3}
   (Okawaru gifted it to you on level 15 of the Dungeon)

   It affects your intelligence (+4).
   It affects your dexterity (-5).
   It affects your accuracy and damage with ranged weapons and melee attacks
   (+3).
 g - the +0 cloak of Vofyen {rC++ rN+ Regen+ Dex-5}
   (You found it on level 3 of the Elven Halls)

   It affects your dexterity (-5).
   It greatly protects you from cold.
   It protects you from negative energy.
   It increases your rate of regeneration.
 l - a +0 cloak of poison resistance (worn)
 o - the +7 chain mail of Vizar (worn) {Regen+ Int+6}
   (You found it on level 11 of the Dungeon)

   It affects your intelligence (+6).
   It increases your rate of regeneration.
 t - a +0 pair of boots of flying
 B - the +2 pair of gloves "Seqadogo" (worn) {rF+}
   (Okawaru gifted it to you on level 2 of the Orcish Mines)

   It protects you from fire.
 P - a +0 shield of reflection (worn)
 U - a scarf of cloud immunity
 Z - the +1 chain mail of Hogua {+Inv rF++ Str+2}
   (Okawaru gifted it to you on level 3 of the Elven Halls)

   It affects your strength (+2).
   It greatly protects you from fire.
   It lets you turn invisible.
Jewellery
 d - the ring of Jealousy {rCorr rC+}
   (You took it off a deep elf master archer on level 3 of the Elven Halls)

   [ring of resist corrosion]

   It protects you from cold.
 s - an uncursed ring of magical power
 w - an uncursed ring of fire
 z - an uncursed ring of protection from cold
 A - the ring "Boghegh" (left hand) {rElec MP+9 Str+5 Dex+3}
   (You found it on level 4 of the Dungeon)

   [ring of strength]

   It affects your strength (+5).
   It affects your dexterity (+3).
   It insulates you from electricity.
   It affects your magic capacity (+9).
 F - an uncursed ring of protection from magic
 L - an uncursed ring of protection from cold
 Q - an uncursed ring of poison resistance
 R - a ring of the Octopus King (right hand) {rN+ AC+1 EV+1 Str+1 Int+1 Dex+1}
   (You found it in an ice cave)

   [ring of positive energy]

   It affects your AC (+1).
   It affects your evasion (+1).
   It affects your strength (+1).
   It affects your intelligence (+1).
   It affects your dexterity (+1).
   It protects you from negative energy.
 W - an uncursed ring of see invisible
Wands
 a - a wand of disintegration (16)
 v - a wand of digging (4)
Scrolls
 b - 3 scrolls of identify
 j - 2 scrolls of amnesia
 m - 20 scrolls of teleportation
 q - 4 scrolls of fear
 y - 10 scrolls of remove curse
 H - a scroll of torment {unknown}
 I - 4 scrolls of blinking
 M - 4 scrolls of fog
 S - 4 scrolls of enchant weapon
 T - 2 scrolls of acquirement
 X - 2 scrolls of magic mapping
Potions
 e - 12 potions of curing
 h - 6 potions of brilliance
 i - 8 potions of flight
 k - 4 potions of heal wounds
 n - 4 potions of haste
 p - 7 potions of cancellation
 x - 4 potions of mutation {unknown}
 D - a potion of ambrosia {unknown}
 E - a potion of lignification {unknown}
 J - 3 potions of agility
 V - a potion of berserk rage
 Y - 3 potions of might
Comestibles
 f - 52 rations


   Skills:
 + Level 16.5(21.5) Fighting
 + Level 2.8(7.8) Long Blades
 + Level 19.6(24.6) Axes
 + Level 11.0(16.0) Armour
 + Level 4.7(9.7) Dodging
 + Level 3.1(8.1) Stealth
 + Level 13.5(18.5) Shields
 + Level 3.6 Invocations
 + Level 0.2 Evocations


You had 17 spell levels left.
You didn't know any spells.
Your spell library contained the following spells:

 Spells                   Type           Power        Failure   Level  Hunger
 Flame Tongue             Conj/Fire      #....        65%         1    ##.....
 Freeze                   Ice            #...         65%         1    ##.....
 Infusion                 Chrm           #...         65%         1    ##.....
 Magic Dart               Conj           #...         65%         1    ##.....
 Sandblast                Erth           #.....       65%         1    ##.....
 Shock                    Conj/Air       #...         65%         1    ##.....
 Summon Butterflies       Summ           #.......     65%         1    ##.....
 Summon Small Mammal      Summ           #...         65%         1    ##.....
 Blink                    Tloc           N/A          78%         2    ###....
 Call Imp                 Summ           #.......     78%         2    ###....
 Ensorcelled Hibernation  Hex/Ice        #.....       78%         2    ###....
 Passwall                 Tmut/Erth      #.......     78%         2    ###....
 Searing Ray              Conj           #.....       78%         2    ###....
 Shroud of Golubria       Chrm/Tloc      #.........   78%         2    ###....
 Slow                     Hex            #.......     78%         2    ###....
 Sublimation of Blood     Necr           #.........   78%         2    ###....
 Swiftness                Chrm/Air       #.......     78%         2    ###....
 Throw Flame              Conj/Fire      #.....       78%         2    ###....
 Throw Frost              Conj/Ice       #.....       78%         2    ###....
 Call Canine Familiar     Summ           #.......     95%         3    ####...
 Conjure Flame            Conj/Fire      #.......     95%         3    ####...
 Dazzling Spray           Conj/Hex       #.....       95%         3    ####...
 Ignite Poison            Fire/Tmut/Pois #.......     95%         3    ####...
 Inner Flame              Hex/Fire       #.......     95%         3    ####...
 Mephitic Cloud           Conj/Pois/Air  #.......     95%         3    ####...
 Static Discharge         Conj/Air       #.......     95%         3    ####...
 Stone Arrow              Conj/Erth      #.....       95%         3    ####...
 Summon Guardian Golem    Hex/Summ       #.......     95%         3    ####...
 Tukima's Dance           Hex            #.......     95%         3    ####...
 Airstrike                Air            #.........   100%        4    #####..
 Force Lance              Conj/Tloc      #.......     100%        4    #####..
 Fulminant Prism          Conj/Hex       #.........   100%        4    #####..
 Ice Form                 Ice/Tmut       #.......     100%        4    #####..
 Iskenderun's Mystic Bla  Conj           #.......     100%        4    #####..
 Petrify                  Tmut/Erth      #.......     100%        4    #####..
 Sticky Flame             Conj/Fire      #.......     100%        4    #####..
 Summon Ice Beast         Ice/Summ       #.......     100%        4    #####..
 Summon Lightning Spire   Summ/Air       #.......     100%        4    #####..
 Alistair's Intoxication  Tmut/Pois      #.......     100%        5    ######.
 Aura of Abjuration       Summ           #.........   100%        5    ######.
 Fireball                 Conj/Fire      #.........   100%        5    ######.
 Irradiate                Conj/Tmut      #.........   100%        5    ######.
 Lee's Rapid Deconstruct  Erth           #.........   100%        5    ######.
 Lightning Bolt           Conj/Air       #.........   100%        5    ######.
 Metabolic Englaciation   Hex/Ice        #.........   100%        5    ######.
 Silence                  Hex/Air        #.........   100%        5    ######.
 Summon Demon             Summ           #.........   100%        5    ######.
 Bolt of Cold             Conj/Ice       #.........   100%        6    #######
 Bolt of Fire             Conj/Fire      #.........   100%        6    #######
 Freezing Cloud           Conj/Ice/Air   #.........   100%        6    #######
 Iron Shot                Conj/Erth      #.........   100%        6    #######
 Ozocubu's Refrigeration  Ice            #.........   100%        6    #######
 Simulacrum               Ice/Necr       #.........   100%        6    #######
 Haunt                    Necr/Summ      #.........   100%        7    #######
 Orb of Destruction       Conj           #.........   100%        7    #######
 Ring of Flames           Chrm/Fire      #.........   100%        7    #######
 Borgnjor's Revivificati  Necr           #.........   100%        8    #######
 Death's Door             Chrm/Necr      #.........   100%        8    #######
 Ignition                 Fire           #.........   100%        8    #######
 Infestation              Necr           #.........   100%        8    #######
 Necromutation            Tmut/Necr      #.........   100%        8    #######


Dungeon Overview and Level Annotations

Branches:
Dungeon (15/15)            Temple (1/1) D:4            Lair (6/6) D:10
  Swamp (0/4) Lair:3        Snake (0/4) Lair:3        Slime (0/5) Lair:5
    Orc (2/2) D:9             Elf (3/3) Orc:2        Vaults (0/5) D:14
 Depths (2/5) D:15

Altars:
Cheibriados
Elyvilon
Fedhas
Makhleb
Nemelex Xobeh
Okawaru
Sif Muna
Trog
Vehumet
Xom
The Shining One
Jiyva

Shops:
D:6 (   D:7 [   Orc:2 !::}*   Elf:2 ?   Elf:3 :

Portals:
Hell: Lair:6
Abyss: Depths:2

Annotations:
D:11 exclusion: door


Innate Abilities, Weirdness & Mutations

You have a pair of large horns on your head.
You are completely covered in thin metallic scales. (AC +4, rElec)
You resist negative energy. (rN+)
You regenerate health from kills.
When hurt, damage is shared between your health and your magic reserves.
You regenerate magic rapidly.
You tend to lose your temper in combat.
You are dopey. (Int -2)


Message History

A deep troll shaman comes into view.
The fire dragon bites you but does no damage.
You block the fire dragon's attack. x2; The ice dragon completely misses you.
The ice dragon claws you but does no damage.
The ice dragon tramples you but does no damage.
The deep troll shaman calls upon its god to strengthen the deep troll shaman.
The deep troll shaman seems to grow stronger.
The fire dragon bites you but does no damage.
The fire dragon claws you but does no damage.
You block the fire dragon's attack. You block the ice dragon's attack.
The ice dragon claws you but does no damage.
The ice dragon tramples you.
You hold your ground!
A deep troll comes into view.
The slime creature quivers.
The fire dragon breathes flames at you. The blast of flame hits you!
You resist.
* * * LOW HITPOINT WARNING * * *
The ice dragon breathes frost at you. The blast of cold hits you!
You die...

⌠.#..T≈≈≈≈..!...
#..≈≈≈≈≈≈......
##..C..T.≈....)#
.....T..>.......
.......(...#####
..C....cCG..###..
......##DD.......
.#.(.# #.........
..... #@...J..##
.... #.......#
#!#. #......## .#
####....# #####


You could see a fire giant, a fire dragon, an ice dragon, a slime creature, an
eye of devastation shaped shifter, a centaur warrior and a deep troll shaman.

Vanquished Creatures
  Saint Roka (Elf:2)
  Asterion (Elf:1)
  A deep elf master archer (Elf:3)
  3 deep elf blademasters
  4 sphinxes (Elf:2)
  Donald (Orc:2)
  5 deep elf sorcerers
  A fire giant (Depths:2)
  2 deep elf elementalists (Elf:3)
  A stone giant (Depths:2)
  4 deep elf demonologists (Elf:3)
  A dire elephant (Lair:6)
  7 deep elf annihilators (Elf:3)
  Snorg (D:10)
  6 deep elf death magi
  2 ettins (Depths:2)
  A fire dragon (Elf:2)
  3 deep elf high priests (Elf:3)
  Josephine (D:12)
  A vault guard (D:14)
  19 hydras
  A catoblepas (Lair:5)
  2 ice dragons (IceCv)
  5 centaur warriors
  2 death knights (D:14)
  19 dancing weapons
  23 two-headed ogres
  4 ogre magi
  6 death yaks (Lair:4)
  21 deep elf knights
  A spriggan berserker (Depths:2)
  A sixfirhy (Lair:6)
  An iron troll (Orc:2)
  A skeletal warrior (D:14)
  A deep troll (Orc:2)
  2 unseen horrors
  2 wizards
  An orange crystal statue (Elf:2)
  3 orc knights
  A harpy (Elf:2)
  9 deep elf archers
  A harpy (shapeshifter) (D:9)
  61 deep elf magi
  10 ugly things
  A salamander (D:15)
  A wolf spider (D:14)
  6 cyclopes
  9 manticores
  4 orc sorcerers
  12 elephants
  A centaur zombie (D:12)
  5 black mambas
  Psyche (D:8)
  5 gargoyles
  2 ice statues (IceCv)
  A torpor snail (Lair:3)
  5 centaur skeletons
  7 spiny frogs
  5 rime drakes
  4 freezing wraiths (D:14)
  19 komodo dragons
  3 kobold demonologists
  4 ice devils (Lair:6)
  A hellwing (Lair:6)
  3 efreet
  12 trolls
  3 meliai (D:15)
  A red devil (Lair:6)
  3 polar bears
  Grinder (D:6)
  13 blink frogs
  A bog body (Lair:3)
  A dream sheep (shapeshifter) (D:15)
  12 hippogriffs
  10 slime creatures
  2 shadows (D:13)
  A centaur simulacrum (D:14)
  A spriggan (D:11)
  9 wraiths
  An air elemental (Elf:2)
  2 water elementals
  75 yaks
  Eustachio (D:6)
  A vampire (D:12)
  5 basilisks
  5 hungry ghosts
  2 fire elementals
  6 vampire mosquitoes
  Menkaure (D:6)
  4 nagas (Lair:3)
  An acid dragon (D:14)
  4 wargs
  9 hell hounds
  17 water moccasins
  14 two-headed ogre zombies (Orc:1)
  8 porcupines
  17 ice beasts
  2 black bears
  18 orc warriors
  2 phantoms
  The ghost of Defined the Skirmisher, an amateur DsMo of Qazlal (D:3)
  6 sky beasts
  36 ogres
  15 wolves
  A boggart (D:14)
  13 centaurs
  The ghost of Azzok the Firebug, an amateur DsFE (D:3)
  19 crocodiles
  16 bullfrogs
  9 big kobolds
  A gnoll sergeant (D:8)
  3 earth elementals
  3 scorpions
  15 killer bees
  8 wights
  2 bullfrog zombies
  8 crimson imps
  A howler monkey (D:5)
  A quasit (D:5)
  8 hounds
  2 jellies
  A gnoll shaman (D:8)
  17 orc priests
  19 orc wizards
  A bullfrog skeleton (D:7)
  Terence (D:2)
  2 iguanas
  Natasha (thrice) (D:1)
  6 worker ants
  A killer bee zombie (D:6)
  3 hound skeletons
  2 howler monkey skeletons
  15 gnolls
  A worker ant zombie (D:5)
  22 adders
  3 shadow imps
  4 oozes
  An adder skeleton (D:6)
  2 adder zombies
  8 worms
  6 dart slugs
  8 leopard geckos
  51 orcs
  8 ball pythons
  21 bats
  14 giant cockroaches
  10 goblins
  13 hobgoblins
  29 jackals
  4 quokkas
  5 frilled lizards
  19 kobolds
  A leopard gecko skeleton (D:8)
  A quokka zombie (D:9)
  11 rats
  7 fungi
  3 plants
1100 creatures vanquished.

Vanquished Creatures (others)
  A deep elf master archer (Elf:3)
  A vampire knight (Depths:1)
  A deep elf knight (Elf:2)
  A deep elf archer (Elf:1)
  A deep elf mage (D:12)
  A cyclops (D:11)
  A rime drake (shapeshifter) (Elf:2)
  2 centaurs (D:13)
  10 bushes (D:14)
  4 fungi
  3 plants
26 creatures vanquished.

Grand Total: 1126 creatures vanquished

Notes
Turn   | Place    | Note
-------+----------+-------------------------------------------
     0 | D:1      | galech the Demonspawn Fighter began the quest for the Orb.
     0 | D:1      | Reached XP level 1. HP: 18/18 MP: 1/1
   187 | D:1      | Gained mutation: When hurt, damage is shared between your
                  | health and your magic reserves. [demonic ancestry]
   187 | D:1      | Reached XP level 2. HP: 22/24 MP: 2/2
   194 | D:1      | Reached skill level 2 in Axes
   432 | D:1      | Reached XP level 3. HP: 29/29 MP: 3/3
   843 | D:2      | Noticed Natasha
   857 | D:1      | Killed Natasha
  1073 | D:1      | Reached XP level 4. HP: 33/35 MP: 4/4
  1564 | D:2      | Reached skill level 3 in Axes
  1873 | D:2      | Noticed Terence
  1885 | D:2      | Killed Terence
  1885 | D:2      | Reached XP level 5. HP: 37/41 MP: 3/5
  2147 | D:1      | Noticed Natasha
  2159 | D:1      | Killed Natasha
  2459 | D:1      | Noticed Natasha
  2466 | D:1      | Killed Natasha
  2502 | D:3      | Found a runed gate.
  2502 | D:3      | Found a runed gate.
  2504 | D:3      | Found a runed gate.
  2514 | D:3      | Noticed Defined's ghost (amateur DsMo)
  2514 | D:3      | Noticed Azzok's ghost (amateur DsFE)
  2672 | D:3      | Reached skill level 1 in Dodging
  2672 | D:3      | Gained mutation: You have a pair of small horns on your
                  | head. [demonic ancestry]
  2672 | D:3      | Reached XP level 6. HP: 46/48 MP: 6/6
  3237 | D:4      | Reached skill level 4 in Axes
  3301 | D:4      | Found a staircase to the Ecumenical Temple.
  3311 | D:4      | Gained mutation: You regenerate a little health from kills.
                  | [demonic ancestry]
  3311 | D:4      | Reached XP level 7. HP: 9/54 MP: 4/7
  3317 | Temple   | Entered the Ecumenical Temple
  3354 | Temple   | Became a worshipper of Warmaster Okawaru
  3459 | D:4      | Found a glowing drain.
  3567 | Sewer    | Entered a sewer
  4044 | D:4      | Reached skill level 5 in Axes
  4174 | D:4      | Got a smoking marble ring
  4175 | D:4      | Identified the ring "Boghegh" {rElec MP+9 Str+5 Dex+3} (You
                  | found it on level 4 of the Dungeon)
  4721 | D:5      | Entered Level 5 of the Dungeon
  5040 | D:5      | Found a large runed door.
  5040 | D:5      | Found a large runed door.
  5051 | D:5      | Found a large runed door.
  5051 | D:5      | Found a large runed door.
  5052 | D:5      | Noticed a hippogriff
  5052 | D:5      | Noticed a hungry ghost
  5087 | D:5      | Reached * piety under Okawaru
  5090 | D:5      | Reached XP level 8. HP: 61/61 MP: 8/8
  5156 | D:5      | Reached skill level 6 in Axes
  5281 | D:5      | Reached skill level 5 in Shields
  5537 | D:5      | Noticed a two-headed ogre
  5544 | D:5      | Killed a two-headed ogre
  5544 | D:5      | Reached ** piety under Okawaru
  5544 | D:5      | Reached *** piety under Okawaru
  5544 | D:5      | Reached skill level 5 in Fighting
  5544 | D:5      | Reached skill level 7 in Axes
  5601 | D:5      | Gained mutation: You are partially covered in thin metallic
                  | scales. (AC +2) [demonic ancestry]
  5601 | D:5      | Reached XP level 9. HP: 64/68 MP: 9/9
  5623 | D:5      | Reached skill level 8 in Axes
  5748 | D:3      | Killed Azzok's ghost
  5753 | D:3      | Killed Defined's ghost
  5819 | D:6      | Noticed Eustachio
  5862 | D:6      | Killed Eustachio
  6142 | D:6      | Found Noshrahaf's Antique Weapon Shoppe.
  6233 | D:6      | Noticed Menkaure
  6238 | D:6      | Killed Menkaure
  6238 | D:6      | Reached **** piety under Okawaru
  6238 | D:6      | Reached skill level 5 in Armour
  6278 | D:6      | Reached skill level 9 in Axes
  6540 | D:6      | Noticed Grinder
  6555 | D:6      | Killed Grinder
  6613 | D:7      | Found a blossoming altar of Fedhas.
  6772 | D:7      | Gained mutation: You regenerate health from kills. [demonic
                  | ancestry]
  6772 | D:7      | Reached XP level 10. HP: 76/76 MP: 10/10
  6881 | D:7      | Found Buluqah's Armour Shoppe.
  6903 | D:7      | Reached ***** piety under Okawaru
  7416 | D:8      | Reached skill level 10 in Axes
  7468 | D:8      | Noticed Psyche
  7476 | D:8      | Killed Psyche
  7551 | D:8      | Received a gift from Okawaru
  7581 | D:8      | Noticed a two-headed ogre
  7589 | D:8      | Killed a two-headed ogre
  8178 | D:9      | Found a staircase to the Orcish Mines.
  8212 | D:9      | Gained mutation: You regenerate magic rapidly. [demonic
                  | ancestry]
  8212 | D:9      | Reached XP level 11. HP: 82/84 MP: 11/11
  8269 | D:9      | Noticed a harpy
  8280 | D:9      | Received a gift from Okawaru
  8284 | D:9      | Killed a harpy
  8379 | D:9      | You are sucked into a shaft for 3 floors!
  8425 | D:12     | Reached skill level 11 in Axes
  8512 | D:12     | Noticed a two-headed ogre
  8558 | D:12     | Noticed a green ugly thing
  8569 | D:12     | Killed a two-headed ogre
  8578 | D:12     | Killed a green ugly thing
  8578 | D:12     | Reached ****** piety under Okawaru
  8612 | D:12     | Reached skill level 12 in Axes
  8625 | D:12     | Found a frozen archway.
  8634 | IceCv    | Entered an ice cave
  8683 | IceCv    | Received a gift from Okawaru
  8684 | IceCv    | Found the +8 mithril axe "Arga" {speed, MR+}
  8915 | IceCv    | Gained mutation: You have a pair of horns on your head.
                  | [demonic ancestry]
  8915 | IceCv    | Reached XP level 12. HP: 82/93 MP: 12/12
  9024 | IceCv    | Noticed an ice dragon
  9024 | IceCv    | Noticed an ice dragon
  9025 | IceCv    | Found the ring of the Octopus King
  9036 | IceCv    | Killed an ice dragon
  9044 | IceCv    | Killed an ice dragon
  9345 | IceCv    | Got a ring of the Octopus King
  9386 | IceCv    | Identified a ring of the Octopus King {rN+ AC+1 EV+1 Str+1
                  | Int+1 Dex+1} (You found it in an ice cave)
  9618 | D:11     | Noticed a two-headed ogre
  9622 | D:11     | Killed a two-headed ogre
  9622 | D:11     | Reached skill level 1 in Invocations
  9652 | D:11     | Noticed a two-headed ogre
  9658 | D:11     | Killed a two-headed ogre
  9658 | D:11     | Received a gift from Okawaru
  9667 | D:10     | Entered Level 10 of the Dungeon
  9851 | D:9      | Found a radiant altar of Vehumet.
 10200 | Orc:1    | Entered Level 1 of the Orcish Mines
 10206 | Orc:1    | Reached skill level 13 in Axes
 10221 | Orc:1    | You are sucked into a shaft!
 10221 | Orc:2    | Entered Level 2 of the Orcish Mines
 10244 | Orc:2    | Found Adghaamo's Gadget Shop.
 10511 | Orc:2    | Found a staircase to the Elven Halls.
 10694 | Orc:2    | Noticed a two-headed ogre
 10694 | Orc:2    | Noticed a two-headed ogre
 10694 | Orc:2    | Noticed a two-headed ogre
 10695 | Orc:2    | Found Joym's Book Boutique.
 10695 | Orc:2    | Found Xaryocyo's Distillery.
 10695 | Orc:2    | Noticed a two-headed ogre
 10695 | Orc:2    | Noticed a two-headed ogre
 10697 | Orc:2    | Noticed a two-headed ogre
 10709 | Orc:2    | Noticed an ogre mage
 10710 | Orc:2    | Killed a two-headed ogre
 10711 | Orc:2    | Received a gift from Okawaru
 10713 | Orc:2    | Killed a two-headed ogre
 10716 | Orc:2    | Killed a two-headed ogre
 10718 | Orc:2    | Killed a two-headed ogre
 10723 | Orc:2    | Killed a two-headed ogre
 10724 | Orc:2    | Reached skill level 14 in Axes
 10725 | Orc:2    | Killed a two-headed ogre
 10725 | Orc:2    | Gained mutation: You have a pair of large horns on your
                  | head. [demonic ancestry]
 10725 | Orc:2    | Reached XP level 13. HP: 90/101 MP: 13/13
 10726 | Orc:2    | Noticed Donald
 10768 | Orc:2    | Killed Donald
 10776 | Orc:2    | Reached skill level 10 in Fighting
 10777 | Orc:2    | Received a gift from Okawaru
 10780 | Orc:2    | Got a pair of twisted gloves {god gift}
 10827 | Orc:2    | Identified the +2 pair of gloves "Seqadogo" {rF+} (Okawaru
                  | gifted it to you on level 2 of the Orcish Mines)
 10843 | Orc:2    | Found Jirozarr's Book Emporium.
 10853 | Orc:2    | Found Imashrycw's General Store.
 11303 | Orc:1    | Reached skill level 15 in Axes
 11867 | D:10     | Found a staircase to the Lair.
 11908 | D:10     | Noticed Snorg
 11918 | D:10     | Killed Snorg
 11999 | D:10     | Found a blossoming altar of Fedhas.
 12271 | D:11     | Identified Ts'ui Pên's Catalogue of Forking Paths
 12296 | D:11     | Identified Sif Muna's Catalogue of Dhcmrlchtdj
 12329 | D:11     | Identified Sif Muna's Compendium of Axaxaxas mlö
 12332 | D:11     | You are sucked into a shaft for 2 floors!
 12389 | D:12     | Noticed Josephine
 12398 | D:12     | Killed Josephine
 12398 | D:12     | Received a gift from Okawaru
 12476 | D:11     | Found a large runed door.
 12477 | D:11     | Found a large runed door.
 12613 | D:11     | Gained mutation: You are mostly covered in thin metallic
                  | scales. (AC +3) [demonic ancestry]
 12613 | D:11     | Reached XP level 14. HP: 109/111 MP: 15/15
 12851 | D:12     | Reached skill level 10 in Shields
 13493 | D:13     | Identified a scroll of acquirement
 13647 | D:13     | Reached skill level 16 in Axes
 13868 | D:14     | Received a gift from Okawaru
 14177 | D:14     | Received a gift from Okawaru
 14427 | D:14     | Found a gate to the Vaults.
 14677 | D:15     | Entered Level 15 of the Dungeon
 14695 | D:15     | Received a gift from Okawaru
 14716 | D:15     | Got a pair of steaming boots {god gift}
 14727 | D:15     | Identified the +0 pair of boots of Meptainn {Int+4 Dex-5
                  | Slay+3} (Okawaru gifted it to you on level 15 of the
                  | Dungeon)
 14794 | D:15     | Gained mutation: You resist negative energy. (rN+) [demonic
                  | ancestry]
 14794 | D:15     | Reached XP level 15. HP: 120/120 MP: 16/16
 14921 | D:15     | Found a snail-covered altar of Cheibriados.
 14974 | D:15     | Got a polished scale mail
 14985 | D:15     | Identified the +1 scale mail "Lej Ogui" {rElec MR+ Int+9
                  | Dex+2} (You found it on level 15 of the Dungeon)
 15089 | D:15     | Reached skill level 17 in Axes
 15267 | D:15     | Found a staircase to the Depths.
 15276 | D:15     | Reached skill level 1 in Stealth
 15539 | D:11     | Found an iron altar of Okawaru.
 15539 | D:11     | Found an iron altar of Okawaru.
 15542 | D:11     | Reached skill level 1 in Long Blades
 15578 | D:11     | Got a smelly chain mail
 15589 | D:11     | Identified the +7 chain mail of Vizar {Regen+ Int+6} (You
                  | found it on level 11 of the Dungeon)
 15590 | D:11     | Upgraded the game from 0.23-a0-730-g0b75920 to
                  | 0.23-a0-756-g517b432
 15703 | Elf:1    | Entered Level 1 of the Elven Halls
 15705 | Elf:1    | Received a gift from Okawaru
 15953 | Elf:1    | Noticed a deep elf sorcerer
 15963 | Elf:1    | Killed a deep elf sorcerer
 15963 | Elf:1    | Received a gift from Okawaru
 15972 | Elf:1    | Got a bloodstained plate armour {god gift}
 15983 | Elf:1    | Identified the +1 plate armour of Happy Babbling {rElec
                  | rPois MR+ Dex-2} (Okawaru gifted it to you on level 1 of
                  | the Elven Halls)
 16111 | Lair:1   | Entered Level 1 of the Lair of Beasts
 17553 | Lair:3   | Found a staircase to the Swamp.
 17817 | Lair:3   | Found a staircase to the Snake Pit.
 18828 | Lair:4   | Received a gift from Okawaru
 18836 | Lair:4   | Reached XP level 16. HP: 100/131 MP: 18/18
 18854 | Lair:4   | Got a scorched broad axe {god gift}
 18855 | Lair:4   | Identified the +4 broad axe of Salt {chop, *Rage +Rage
                  | rElec Dex-2} (Okawaru gifted it to you on level 4 of the
                  | Lair of Beasts)
 19004 | Lair:4   | Reached skill level 18 in Axes
 19322 | Lair:4   | Received a gift from Okawaru
 20118 | Lair:5   | Found a viscous altar of Jiyva.
 20119 | Lair:5   | Found a staircase to the Slime Pits.
 20498 | Lair:6   | Entered Level 6 of the Lair of Beasts
 20704 | Lair:6   | Found a burning altar of Makhleb.
 21489 | Lair:6   | Found a gateway to Hell.
 22091 | Elf:1    | Noticed Asterion
 22111 | Elf:1    | Killed Asterion
 22182 | Elf:1    | Received a gift from Okawaru
 22187 | Elf:1    | Got a transparent war axe {god gift}
 22188 | Elf:1    | Identified the +5 war axe "Mauc Koref" {speed, rElec Int+2}
                  | (Okawaru gifted it to you on level 1 of the Elven Halls)
 22217 | Elf:1    | Identified Itekemn's Guide on Attacks
 22435 | Elf:2    | Found Ihoulul's Magic Scroll Shop.
 22499 | Elf:2    | Noticed a sphinx
 22499 | Elf:2    | Noticed a sphinx
 22518 | Elf:2    | Noticed a sphinx
 22530 | Elf:2    | Paralysed by a sphinx for 3 turns
 22543 | Elf:2    | Killed a sphinx
 22548 | Elf:2    | Gained mutation: You are completely covered in thin
                  | metallic scales. (AC +4, rElec) [demonic ancestry]
 22548 | Elf:2    | Reached XP level 17. HP: 82/140 MP: 17/19
 22583 | Elf:2    | Reached skill level 10 in Armour
 22588 | Elf:2    | Received a gift from Okawaru
 22959 | Elf:2    | Reached skill level 15 in Fighting
 23063 | Elf:2    | Found a runed gate.
 23063 | Elf:2    | Found a runed gate.
 23063 | Elf:2    | Found a runed gate.
 23095 | Elf:2    | Reached skill level 19 in Axes
 23122 | Elf:2    | Noticed Saint Roka
 23149 | Elf:2    | Killed Saint Roka
 23149 | Elf:2    | Received a gift from Okawaru
 23311 | Elf:2    | Noticed a deep elf blademaster
 23332 | Elf:2    | Killed a deep elf blademaster
 23360 | Elf:2    | Gained mutation: You are dopey. (Int -2) [a neqoxec]
 23367 | Elf:2    | Gained mutation: You tend to lose your temper in combat. [a
                  | neqoxec]
 23492 | Elf:3    | Entered Level 3 of the Elven Halls
 23579 | Elf:3    | Noticed a deep elf blademaster
 23592 | Elf:3    | Killed a deep elf blademaster
 23592 | Elf:3    | Received a gift from Okawaru
 23597 | Elf:3    | Got a heavily runed chain mail {god gift}
 23598 | Elf:3    | Noticed a deep elf master archer
 23603 | Elf:3    | Killed a deep elf master archer
 23621 | Elf:3    | Identified the +1 chain mail of Hogua {+Inv rF++ Str+2}
                  | (Okawaru gifted it to you on level 3 of the Elven Halls)
 23645 | Elf:3    | Reached XP level 18. HP: 126/151 MP: 20/20
 24029 | Elf:3    | Identified the +0 war axe of the Chickpea {protect, *Noise
                  | rF+ Int+6}
 24041 | Elf:3    | Identified the ring of Jealousy {rCorr rC+}
 24043 | Elf:3    | Identified the +10 quarterstaff of Integrity {freeze, -Tele
                  | Str+5}
 24058 | Elf:3    | Identified the cursed +3 dagger "Raez" {pierce, *Rage
                  | +Blink MR+ Dex+2}
 24076 | Elf:3    | Noticed a Hell Sentinel
 24203 | Elf:3    | Identified Sif Muna's Volume of Icy Stones
 24249 | Elf:3    | Identified the Incunabulum of Glacial Ignition
 24283 | Elf:3    | Got a crude cloak
 24294 | Elf:3    | Identified the +0 cloak of Vofyen {rC++ rN+ Regen+ Dex-5}
                  | (You found it on level 3 of the Elven Halls)
 24393 | Elf:3    | Found Dazipn's Book Shoppe.
 24509 | Elf:3    | Identified Luustaq's Reference Book on Creative Aid
 24843 | Depths:1 | Entered Level 1 of the Depths
 24846 | Depths:1 | You fall through a shaft!
 24846 | Depths:2 | Found a one-way gate to the infinite horrors of the Abyss.
 24865 | Depths:2 | Received a gift from Okawaru
 24973 | Depths:1 | Paralysed by a vampire knight for 7 turns
 24986 | Depths:1 | Killed from afar by an ice dragon

Vault maps used:
D:1:      tarquinn_simple_flora_water_c
D:2:      uniq_terence, uniq_natasha
D:3:      first_ration, gammafunk_ghost_cemetery, kennysheep_nub,
          kennysheep_generic_room_9
D:4:      minmay_temple_entry_wispy, gup_sewer_entry_glass
D:5:      minmay_misc_feat_doors, minmay_hollow_rounded_squares
D:6:      serial_shops, shop, hangedman_abyss_or_decor_lesser_grid,
          uniq_eustachio, uniq_grinder, uniq_menkaure
D:7:      serial_shops, shop, basic_altar, grunt_decor_arrowhead,
          hangedman_decor_push
D:8:      uniq_psyche
D:9:      marbit_many_paths
D:10:     lair_entry_dummy, fedhas_altar_1, uniq_snorg
D:11:     okawaru_arena_lexackson, the_bakery, bh_hangedman_babel_library
D:12:     portal_ice_cave_rime, uniq_josephine
D:14:     david_vaults_5, serial_park_gazebo
D:15:     hangedman_depths_entry_try_elsewhere_first, minmay_misc_feat_enclosed,
          cheibriados_altar_1
Temple:   minmay_crystal_snake_temple
Lair:1:   cheibrodos_lair_reptile_den, lemuel_fruit_fields
Lair:2:   chequers_serial_rivers_small_a
Lair:3:   skrybe_swamp_entry_bodies, minmay_snake_entry_guardpost_small
Lair:4:   beast_lair_carwin_4, grunt_megastairs_5
Lair:5:   dpeg_slime_entry_enclosed_altar
Lair:6:   evil_forest
Orc:1:    lemuel_ogre_cave
Orc:2:    st_orc_open, serial_shops, shop, uniq_donald
Elf:1:    minmay_elf_arrival_summoners, minmay_elf_sorcery, uniq_asterion
Elf:2:    serial_shops, shop, special_room, minivault_16, uniq_saint_roka
Elf:3:    grunt_elf_hall_diamonds, serial_shops, nicolae_shop_trees
Depths:1: serial_glass, glass_columns_a, glass_columns_b,
          hangedman_abyss_entry_splay, hell_entry, grunt_decor_one_mirror,
          minmay_swirly_circle
Depths:2: nooodl_glass_maze, abandoned_shop, abyss_entry, hellmouth_1
Sewer:    sewer_fruit_machine
IceCv:    ice_cave_small_dragons

Skill      XL: |  1  2  3  4  5  6  7  8  9 10 11 12 13 14 15 16 17 18 |
---------------+-------------------------------------------------------+-----
Axes           | 2 3 4 5 7 9 10 12 14 15 16 17 18 19 | 19.6
Armour         | 3 4 5 6 7 8 9 10 11 | 11.0
Shields        | 3 4 5 6 8 9 10 11 12 13 | 13.5
Dodging        | 1 2 3 4 |  4.7
Fighting       | 4 5 6 7 8 9 10 12 13 14 15 16 | 16.5
Invocations    | 1 2 3 |  3.6
Stealth        | 2 3 |  3.1
Long Blades    | 1 2 |  2.8
Evocations     | |  0.2

Action                   |  1- 3 |  4- 6 |  7- 9 | 10-12 | 13-15 | 16-18 || total
-------------------------+-------+-------+-------+-------+-------+-------++-------
Melee: War axe           |   136 |   313 |   163 |       |       |       ||   612
       Headbutt          |       |    17 |    87 |   158 |   312 |   290 ||   864
       Hand axe          |       |       |   190 |   404 |       |       ||   594
       Broad axe         |       |       |       |   190 |   980 |  1030 ||  2200
       Scimitar          |       |       |       |       |    16 |    13 ||    29
Invok: Heroism           |       |       |     1 |     4 |     5 |    11 ||    21
       Finesse           |       |       |       |       |     1 |       ||     1
 Abil: Stop Flying       |       |     1 |       |       |       |       ||     1
       Evoke Flight      |       |       |     1 |       |       |       ||     1
  Use: Potion            |     1 |       |       |       |       |     1 ||     2
       Scroll            |       |     3 |     2 |     5 |    10 |     3 ||    23
 Stab: Distracted        |       |       |       |       |     1 |       ||     1
       Petrified         |       |       |       |       |       |     2 ||     2
  Eat: Chunk             |     1 |     8 |    14 |    13 |    26 |    17 ||    79
       Ration            |       |       |       |     1 |       |     1 ||     2
Armor: Scale mail        |    12 |       |       |       |       |       ||    12
       Chain mail        |   106 |   195 |    50 |   191 |   116 |   405 ||  1063
       Plate armour      |       |    28 |   167 |       |   251 |       ||   446
Dodge: Dodged            |    43 |    61 |    64 |   131 |   228 |   307 ||   834
Block: Shield            |    94 |   178 |   199 |   269 |   468 |   448 ||  1656
       Reflection        |       |       |       |       |    35 |    21 ||    56
       Rpst.: Scimitar   |       |       |       |       |     2 |       ||     2

Table legend:
 A = Non-vault XP
 B = Vault XP
 C = Vault XP percentage of total XP
 D = Non-vault monster count
 E = Vault monster count
 F = Vault count percentage of total count
                 A         B        C        D         E       F
            +---------+---------+-------+---------+---------+-------
      Total |  179410 |  162503 |  47.5 |     788 |     311 |  28.3
            +---------+---------+-------+---------+---------+-------
        D:1 |     137 |      35 |  20.3 |      41 |       1 |   2.4
        D:2 |      90 |      38 |  29.7 |      31 |       1 |   3.1
        D:3 |     151 |     232 |  60.6 |      31 |       3 |   8.8
        D:4 |     434 |      45 |   9.4 |      12 |       6 |  33.3
        D:5 |     738 |    1596 |  68.4 |      29 |      10 |  25.6
        D:6 |     945 |     663 |  41.2 |      27 |       3 |  10.0
        D:7 |    1790 |       0 |   0.0 |      24 |       0 |   0.0
        D:8 |    2742 |     439 |  13.8 |      38 |       1 |   2.6
        D:9 |    3052 |       6 |   0.2 |      25 |       1 |   3.8
       D:10 |    1996 |    1152 |  36.6 |      20 |       1 |   4.8
       D:11 |    6699 |    2617 |  28.1 |      20 |       5 |  20.0
       D:12 |    9740 |    2454 |  20.1 |      43 |       6 |  12.2
       D:13 |    9011 |       0 |   0.0 |      47 |       0 |   0.0
       D:14 |   14466 |    5439 |  27.3 |      48 |      11 |  18.6
       D:15 |   14813 |    2382 |  13.9 |      43 |       4 |   8.5
     Lair:1 |    4838 |     620 |  11.4 |      22 |       7 |  24.1
     Lair:2 |    3767 |       0 |   0.0 |      11 |       0 |   0.0
     Lair:3 |    4747 |     894 |  15.8 |      23 |       5 |  17.9
     Lair:4 |   13693 |    3591 |  20.8 |      46 |      10 |  17.9
     Lair:5 |    4531 |       0 |   0.0 |      14 |       0 |   0.0
     Lair:6 |   11362 |   10333 |  47.6 |      43 |      26 |  37.7
      Orc:1 |    2541 |    3661 |  59.0 |      19 |      20 |  51.3
      Orc:2 |    2742 |   17679 |  86.6 |      38 |      38 |  50.0
      Elf:1 |   19265 |   14388 |  42.8 |      29 |      20 |  40.8
      Elf:2 |   19303 |   50919 |  72.5 |      31 |      64 |  67.4
      Elf:3 |   12381 |   37894 |  75.4 |      19 |      25 |  56.8
   Depths:1 |     877 |       0 |   0.0 |       1 |       0 |   0.0
   Depths:2 |   12559 |       0 |   0.0 |      13 |       0 |   0.0
      Sewer |       0 |      62 | 100.0 |       0 |      23 | 100.0
      IceCv |       0 |    5364 | 100.0 |       0 |      20 | 100.0
            +---------+---------+-------+---------+---------+-------
